 Dungeon Crawl Stone Soup version 0.30-a0-847-g17996783a1 (webtiles) character file.

Game seed: 5231294483158601062

638 avis the Chiller (level 7, -7/57 HPs)
             Began as a Demigod Ice Elementalist on Mar 4, 2023.
             Killed from afar by a wretched star (16 damage)
             ... with a lance of force
             ... on level 1 of the Abyss.
             The game lasted 00:32:54 (4956 turns).

avis the Chiller (Demigod Ice Elementalist)         Turns: 4956, Time: 00:32:55

Health: -7/57      AC: 11    Str: 15    XL:     7   Next: 4%
Magic:  2/14       EV: 13    Int: 25    God:
Gold:   226        SH:  5    Dex: 22    Spells: 5/12 levels left

rFire   x x .      SeeInvis .    a - +2 hand axe "Rifaz" {venom, Int+2}
rCold   . . .      Faith    .    (no shield)
rNeg    . . .      Spirit   .    o - +0 robe
rPois   .          Reflect  +    l - +1 helmet
rElec   .          Rampage  .    (no cloak)
rCorr   .                        (no gloves)
Will    .....                    (no boots)
Stlth   ++                       z - amulet of reflection
HPRegen 0.29/turn                E - +6 ring of intelligence
MPRegen 0.14/turn                g - +6 ring of strength

@: ice-armoured, very slightly contaminated
A: high MP 1, forlorn, divine attributes, [heat vulnerability 2]
a: no special abilities


You were on level 1 of the Abyss.
You visited 1 branch of the dungeon, and saw 4 of its levels.
You visited the Abyss 1 time.

You collected 226 gold pieces.

Inventory:

Hand Weapons
 a - the +2 hand axe "Rifaz" (weapon) {venom, Int+2}
   (You took it off a kobold on level 3 of the Dungeon)

   Int:       It affects your intelligence (+2).
 b - a +0 sling
 n - a +0 falchion
 q - a +0 dagger of venom
 v - a +0 flail of holy wrath
 w - a +1 dagger of freezing
Missiles
 h - a throwing net
 i - 2 poisoned darts
 p - 3 javelins
 u - a boomerang
Armour
 l - a +1 helmet (worn)
 o - a +0 robe (worn)
 s - a +0 buckler
 x - a +3 chain mail of cold resistance
Jewellery
 c - a ring of positive energy
 g - a +6 ring of strength (right hand)
 k - an amulet of guardian spirit
 z - an amulet of reflection (around neck)
 B - a ring of protection from cold
 E - a +6 ring of intelligence (left hand)
Wands
 H - a wand of mindburst (14)
Scrolls
 d - a scroll of amnesia
 e - a scroll of enchant armour
 f - a scroll of immolation {unknown}
 j - 2 scrolls of fog
 m - a scroll of fear {unknown}
 r - a scroll of vulnerability
 t - a scroll of noise {unknown}
 D - a scroll of enchant weapon {unknown}
 F - a scroll of identify {unknown}
 G - a scroll of poison {unknown}
Potions
 y - a potion of magic
 C - a potion of haste {unknown}


   Skills:
 - Level 3.0 Fighting
 * Level 2.9 Ranged Weapons
 - Level 2.0 Dodging
 - Level 2.0 Stealth
 - Level 3.0 Spellcasting
 - Level 6.0 Ice Magic


You had 5 spell levels left.
You knew the following spells:

 Your Spells              Type           Power      Damage    Failure   Level
a - Freeze                Ice            100%       1d10      1%          1
o - Ozocubu's Armour      Ice            33%        N/A       2%          3
r - Frozen Ramparts       Ice            66%        1d10      2%          3

Your spell library contained the following spells:

 Spells                   Type           Power      Damage    Failure   Level
 Blink                    Tloc           6%         N/A       16%         2
 Lesser Beckoning         Tloc           6%         N/A       16%         2
 Momentum Strike          Conj/Tloc      6%         3d8       16%         2
 Static Discharge         Conj/Air       6%         2-3/arc   16%         2
 Summon Ice Beast         Ice/Summ       18%        N/A       28%         4
 Vhi's Electric Charge    Tloc/Air       6%         N/A       30%         3
 Arcjolt                  Conj/Air       1%         1d11      95%         5
 Lightning Bolt           Conj/Air       1%         1d12      95%         5


Dungeon Overview and Level Annotations

Branches:
Dungeon (4/15)             Temple (0/1) D:4

Annotations:
D:4 1 transporter


Innate Abilities, Weirdness & Mutations

You have an increased reservoir of magic. (+10% MP)
You shall have no god before yourself.
Your divine heritage dramatically boosts your attributes as you level up.
[You are very vulnerable to heat. (rF--)]


Message History

The wretched star glows turbulently.
The lance of force misses you.
You hit the wretched star.
The wretched star is lightly damaged.
The wretched star completely resists.
The wall freezes the wretched star but does no damage.
The wretched star glows turbulently.
The lance of force hits you!!
* * * LOW HITPOINT WARNING * * *
Your icy armour cracks and falls away as you move.
The frozen ramparts melt away as you move.
You are knocked back by the lance of force.
It was a potion of heal wounds.
You feel much better.
Casting: Frozen Ramparts (dangerous; 2% risk of failure)
Confirm with . or Enter, or press ? or * to list all spells.
You miscast Ozocubu's Armour.
You are very lightly contaminated with residual magic.
Nothing appears to happen.
The wretched star glows turbulently.
The lance of force hits you!!
* * * LOW HITPOINT WARNING * * *
Casting: Ozocubu's Armour (dangerous; 2% risk of failure)
Confirm with . or Enter, or press ? or * to list all spells.
A film of ice covers your body!
You hit the wretched star but do no damage.
The wretched star is lightly damaged.
You hit the wretched star.
The wretched star is lightly damaged.
You hit the wretched star but do no damage.
The wretched star is lightly damaged.
You barely miss the wretched star.
The wretched star is lightly damaged.
Casting: Ozocubu's Armour (dangerous; 2% risk of failure)
Confirm with . or Enter, or press ? or * to list all spells.
You don't have enough magic to cast this spell.
You slash the wretched star!
The wretched star is moderately damaged.
The wretched star glows turbulently.
The lance of force hits you!
You die...

# ≈ ~.~ . ...
~#..~~.... .....
.##. ... ##
####.. .
..##...### ###...
# #...#..#. . ...
.. # #......
........
.#.#...#.. ......
..
.......####......
.. . ..#
##@*.#.......#
......####.#. ..
# # .#####.#
###....##
#.##........ ..
#. . .....*.#.#
#. . .. ..# #.'..
........ ## ..
... §.. ........
.


You could see a wretched star.

Vanquished Creatures
  The ghost of cforsyth the Sneak, an amateur KoBr (D:4)
  Edmund (D:4)
  A gnoll bouda (D:4)
  5 orc wizards
  9 adders
  7 gnolls (D:4)
  3 worms
  A dart slug (D:3)
  12 orcs
  3 endoplasms
  4 giant cockroaches
  11 goblins
  6 hobgoblins
  6 jackals
  6 quokkas
  7 ball pythons
  8 bats
  5 frilled lizards
  7 kobolds
  4 rats
107 creatures vanquished.

Vanquished Creatures (others)
  6 plants (D:4)
6 creatures vanquished.

Grand Total: 113 creatures vanquished

Notes
Turn   | Place    | Note
-------+----------+-------------------------------------------
     0 | D:1      | avis the Demigod Ice Elementalist began the quest for the
                  | Orb.
     0 | D:1      | Reached XP level 1. HP: 14/14 MP: 5/5
   308 | D:1      | Reached skill level 4 in Ice Magic
   380 | D:1      | Reached XP level 2. HP: 13/20 MP: 2/7
  1520 | D:2      | Reached XP level 3. HP: 27/27 MP: 3/9
  1634 | D:2      | Reached skill level 1 in Fighting
  1638 | D:2      | Learned a level 3 spell: Frozen Ramparts
  1642 | D:2      | Learned a level 3 spell: Ozocubu's Armour
  2422 | D:3      | Reached XP level 4. HP: 33/35 MP: 3/10
  2434 | D:3      | Reached skill level 5 in Ice Magic
  2969 | D:3      | Identified the +2 hand axe "Rifaz" {venom, Int+2}
  2998 | D:3      | Reached XP level 5. HP: 40/40 MP: 1/12
  3770 | D:4      | Noticed Edmund
  3784 | D:4      | HP: 1/41 [Edmund/+0 flail of holy wrath (8)]
  3785 | D:4      | Killed Edmund
  3786 | D:4      | Reached XP level 6. HP: 2/48 MP: 2/13
  3988 | D:4      | Reached skill level 6 in Ice Magic
  4079 | D:4      | Found a staircase to the Ecumenical Temple.
  4298 | D:4      | Found a transporter.
  4347 | D:4      | Found a transporter.
  4363 | D:4      | Noticed cforsyth's ghost (amateur KoBr)
  4800 | D:4      | Reached skill level 1 in Ranged Weapons
  4802 | D:4      | Killed cforsyth's ghost
  4804 | D:4      | Reached XP level 7. HP: 50/57 MP: 10/14
  4879 | Abyss:1  | Cast into level 1 of the Abyss (gnoll sergeant)
  4931 | Abyss:1  | Noticed a wretched star
  4956 | Abyss:1  | Killed from afar by a wretched star

Illustrated notes

Levels and vault maps discovered:
D:1:      wheals_arrival_linesprint, layout_loops_corners
D:2:      layout_loops_cross
D:3:      layout_basic
D:4:      layout_basic, kennysheep_mini, temple_pool_b,
          gammafunk_ghost_gnarly_gnolls, uniq_edmund
Abyss:1:  base:
D:4

Skill      XL: |  1  2  3  4  5  6 |
---------------+-------------------+-----
Ice Magic      | 4 5 6 |  6.0
Spellcasting   | 2 3 |  3.0
Fighting       | 1 2 3 |  3.0
Dodging        | 2 |  2.0
Stealth        | 2 |  2.0
Ranged Weapons | 2 |  2.9

Action                     |  1- 3 |  4- 6 |  7- 9 || total
---------------------------+-------+-------+-------++-------
  Melee: Dagger            |    19 |    21 |       ||    40
         Hand axe          |       |    29 |    11 ||    40
   Fire: Sling             |       |    24 |     3 ||    27
   Cast: Freeze            |    40 |       |       ||    40
         Frozen Ramparts   |     6 |    20 |     5 ||    31
         Ozocubu's Armour  |     3 |    11 |     3 ||    17
    Use: Potion            |       |     2 |     1 ||     3
         Scroll            |       |     4 |       ||     4
   Stab: Sleeping          |     6 |     4 |       ||    10
         Distracted        |     1 |       |       ||     1
 Armour: Robe              |    13 |    16 |     2 ||    31
  Dodge: Dodged            |    29 |    27 |     2 ||    58
  Block: Other             |       |     2 |       ||     2

Table legend: (Time is in decaauts)
 A = Elapsed time spent in this place.
 B = Non-inter-level travel time spent in this place.
 C = Inter-level travel time spent in this place.
 D = Time resting spent in this place.
 E = Time spent auto-exploring this place.
 F = Levels seen in this place.
 G = Mean time per level.
                   A        B        C        D        E       F      G
               +--------+--------+--------+--------+--------+-----+--------+
         Total |   4977 |   4496 |    481 |   1158 |   2142 |   5 |  995.4 |
       Dungeon |   4898 |   4417 |    481 |   1158 |   2142 |   4 | 1224.5 |
         Abyss |     78 |     78 |      0 |      0 |      0 |   1 |   78.0 |
               +--------+--------+--------+--------+--------+-----+--------+

Top non-repeatable levels by time:
     D:1: 1454 daAuts
     D:3: 1278 daAuts
     D:4: 1258 daAuts
     D:2: 907 daAuts
 Abyss:1: 78 daAuts
